Map: Central Protocol

Players

Grumm

  • Race: Protoss Protoss
  • League: Gold

JackStrong - Winner!

  • Race: Protoss Protoss

VOD

Have the link to the VOD?

Description

Time

  • Played on: Jan. 21, 2016, 12:51 p.m.
  • Length: 7:39
Show
View Real Time Build Order
Export as new Build Order

Grumm Protoss 

Build Orders: Nexus First 

Get SALT Encoding   

  12  0:01  Probe (Chrono Boost)  
  13  0:12  Probe (Chrono Boost)  
  14  0:21  Pylon  
  14  0:26  Probe (Chrono Boost)  
  15  0:55  Nexus  
  15  1:06  Probe (Chrono Boost)  
  16  1:13  Gateway  
  16  1:23  Gateway  
  15  1:30  Probe (Chrono Boost)  
  16  1:35  Pylon  
  16  1:40  Probe (Chrono Boost)  
  16  1:45  Assimilator  
  17  1:56  Assimilator  
  17  2:03  Zealot  
  17  2:08  Cybernetics Core  
  19  2:11  Probe (Chrono Boost)  
  21  2:30  Probe (Chrono Boost)  
  21  2:38  Probe (Chrono Boost)  
  21  2:43  Probe (Chrono Boost)  
  23  2:44  Assimilator  
  23  2:49  Probe (Chrono Boost)  
  24  2:52  Warp Gate (Chrono Boost)  
  24  2:53  Probe (Chrono Boost)  
  24  2:54  Zealot  
  24  2:55  Adept  
  29  3:05  Probe  
  29  3:07  Assimilator  
  29  3:12  Probe  
  31  3:15  Probe  
  32  3:30  Stargate  
  32  3:32  Probe  
  32  3:34  Probe  
  30  3:50  Probe  
  30  3:52  Probe  
  30  3:57  Stalker (Chrono Boost)  
  30  4:01  Probe  
  33  4:04  Probe  
  34  4:13  Probe  
  34  4:14  Oracle (Chrono Boost)  
  34  4:16  Probe  
  39  4:19  Zealot (Chrono Boost)  
  41  4:28  Mothership Core  
  43  4:36  Stalker (Chrono Boost)  
  45  4:45  Stalker (Chrono Boost)  
  40  5:00  Probe x2  
  39  5:14  Probe  
  39  5:15  Probe  
  41  5:26  Void Ray  
  41  5:27  Probe  
  46  5:41  Robotics Facility  
  46  5:42  Pylon  
  46  5:45  Pylon  
  46  5:53  Probe x2  
  45  6:02  Stalker x2  
  49  6:05  Pylon, Probe x2  
  51  6:11  Pylon  
  51  6:14  Void Ray  
  51  6:17  Probe x2  
  57  6:22  Zealot  
  57  6:25  Zealot  
  61  6:29  Probe x2  
  63  6:36  Immortal (Chrono Boost)  
  67  6:45  Forge  
  67  6:56  Gateway  
  55  7:10  Stalker  
  55  7:11  Stalker  
  43  7:34  Zealot x2  
Show
View Real Time Build Order
Export as new Build Order

JackStrong Protoss - Winner!

Build Orders: Blink Stalkers 

Get SALT Encoding   

  12  0:01  Probe (Chrono Boost)  
  13  0:11  Probe (Chrono Boost)  
  14  0:17  Pylon  
  14  0:22  Probe (Chrono Boost)  
  16  0:35  Probe (Chrono Boost)  
  16  0:46  Probe (Chrono Boost)  
  17  0:56  Probe (Chrono Boost)  
  18  1:08  Nexus  
  18  1:10  Gateway  
  18  1:13  Probe (Chrono Boost)  
  19  1:23  Assimilator  
  19  1:25  Assimilator  
  19  1:36  Probe (Chrono Boost)  
  20  1:46  Probe (Chrono Boost)  
  21  1:57  Probe (Chrono Boost)  
  21  1:58  Cybernetics Core  
  22  2:07  Probe (Chrono Boost)  
  23  2:19  Probe (Chrono Boost)  
  23  2:22  Probe (Chrono Boost)  
  25  2:30  Probe (Chrono Boost)  
  25  2:33  Pylon, Probe (Chrono Boost)  
  25  2:34  Stalker  
  25  2:35  Warp Gate  
  29  2:40  Probe (Chrono Boost)  
  29  2:44  Probe (Chrono Boost)  
  31  2:45  Twilight Council  
  32  2:51  Probe (Chrono Boost)  
  32  2:56  Mothership Core (Chrono Boost)  
  34  2:59  Pylon  
  34  3:02  Probe (Chrono Boost)  
  34  3:04  Stalker  
  37  3:12  Probe (Chrono Boost)  
  38  3:15  Probe (Chrono Boost)  
  39  3:23  Blink  
  39  3:25  Pylon  
  39  3:28  Probe (Chrono Boost)  
  39  3:29  Probe (Chrono Boost)  
  41  3:34  Stalker  
  43  3:44  Probe (Chrono Boost)  
  43  3:45  Probe (Chrono Boost)  
  45  3:55  Probe (Chrono Boost)  
  45  4:00  Gateway  
  45  4:01  Gateway  
  45  4:04  Gateway  
  45  4:05  Probe x2 (Chrono Boost)  
  47  4:16  Probe (Chrono Boost)  
  48  4:19  Probe (Chrono Boost)  
  49  4:29  Probe (Chrono Boost)  
  49  4:30  Robotics Facility, Probe (Chrono Boost)  
  51  4:34  Nexus  
  51  4:41  Probe (Chrono Boost)  
  52  4:51  Stalker  
  52  5:03  Stalker x3  
  54  5:19  Probe x2 (Chrono Boost)  
  53  5:23  Stalker  
  53  5:26  Pylon  
  53  5:27  Warp Prism  
  57  5:30  Probe x2 (Chrono Boost)  
  57  5:31  Gateway  
  57  5:33  Gateway  
  57  5:34  Gateway  
  59  5:36  Gateway  
  59  5:39  Assimilator  
  59  5:40  Probe x2 (Chrono Boost)  
  61  5:44  Pylon  
  61  5:46  Probe (Chrono Boost)  
  61  5:48  Stalker  
  64  5:51  Probe x2 (Chrono Boost)  
  64  5:54  Assimilator  
  64  5:56  Stalker  
  67  5:57  Probe (Chrono Boost)  
  67  6:01  Pylon  
  67  6:02  Probe (Chrono Boost)  
  68  6:04  Stalker  
  68  6:06  Probe (Chrono Boost)  
  68  6:07  Probe (Chrono Boost)  
  72  6:16  Probe (Chrono Boost)  
  72  6:17  Probe (Chrono Boost)  
  72  6:18  Probe (Chrono Boost)  
  75  6:20  Stalker x2  
  79  6:26  Stalker  
  79  6:27  Stalker  
  79  6:30  Stalker  
  79  6:32  Probe x2 (Chrono Boost)  
  87  6:33  Probe (Chrono Boost)  
  87  6:37  Stalker  
  87  6:39  Stalker  
  92  6:43  Stalker  
  94  6:48  Probe x3 (Chrono Boost)  
  97  6:56  Stalker x2  
  97  6:59  Probe (Chrono Boost)  
  100  7:10  Pylon  
  100  7:12  Pylon  
  100  7:14  Pylon  
  94  7:16  Pylon, Stalker x2  
  94  7:17  Stalker  
  94  7:21  Stalker  
  98  7:30  Stalker x4  
Tags
 
Composition
Blink Stalkers
League
Gold
Matchup
PvP
Replay Pack
sc2 replays 2016
Add a new tag
Caveats
  • Supply blocks, unpowered buildings, or Contaminate may cause inaccurate times.
  • Supply counts are checked every 10 seconds.